 Dungeon Crawl Stone Soup version 0.30-a0-116-g3b1a8e4ee4 (webtiles) character file.

Game seed: 16639357833877031495

11656 porpoise the Spear-Bearer (level 11, -1/91 HPs)
             Began as a Demonspawn Gladiator on Sept 12, 2022.
             Was an Initiate of Yredelemnul.
             Slain by a large abomination (illusionary) (17 damage)
             ... on level 2 of the Abyss on Sept 13, 2022.
             The game lasted 00:48:01 (13462 turns).

porpoise the Spear-Bearer (Demonspawn Gladiator)   Turns: 13462, Time: 00:48:01

Health: -1/91      AC: 21    Str: 12    XL:     11   Next: 52%
Magic:  24/24      EV: 15    Int:  9    God:    Yredelemnul [......]
Gold:   1386       SH:  0    Dex: 22    Spells: 10/10 levels left

rFire   . . .      SeeInvis +    a - +9 trident "Duanel" {protect, MP+9 Str-5 Dex+5 SInv}
rCold   + . .      Faith    +    (no shield)
rNeg    + . .      Spirit   .    J - +0 steam dragon scales
rPois   .          Reflect  .    c - +1 helmet
rElec   .          Harm     .    E - +0 cloak {rCorr}
rCorr   +          Rampage  .    g - +2 pair of gloves
Will    .....                    (no boots)
Stlth   ++........               q - amulet of faith
HPRegen 0.25/turn                b - ring of protection from cold
MPRegen 0.19/turn                F - ring of positive energy

@: under a protective aura
A: icy blue scales 1, demonic guardian 1, demonic magic 2, weakness stinger 2
a: Renounce Religion, Recall Undead Harvest


You were on level 2 of the Abyss.
You worshipped Yredelemnul.
Yredelemnul was noncommittal.
You visited 2 branches of the dungeon, and saw 11 of its levels.
You visited the Abyss 1 time.
You also visited: Ossuary and Bailey.

You collected 1750 gold pieces.
You spent 364 gold pieces at shops.

Inventory:

Hand Weapons
 a - the +9 trident "Duanel" (weapon) {protect, MP+9 Str-5 Dex+5 SInv}
   (You found it on level 8 of the Dungeon)

   It grants its wielder temporary protection when it strikes (+7 to AC).
   Str:       It affects your strength (-5).
   Dex:       It affects your dexterity (+5).
   MP:        It affects your magic capacity (+9).
   SInv:      It lets you see invisible.
 f - a +1 vorpal trident
Missiles
 d - 6 throwing nets
 e - a javelin
 t - 8 boomerangs
 w - 18 poisoned darts
 I - a curare-tipped dart (quivered)
Armour
 c - a +1 helmet (worn)
 g - a +2 pair of gloves (worn)
 E - a +0 cloak of preservation (worn)
 J - +0 steam dragon scales (worn)
 M - a +2 cloak
 N - a scarf of harm
Jewellery
 b - a ring of protection from cold (left hand)
 q - an amulet of faith (around neck)
 F - a ring of positive energy (right hand)
 K - a ring of ice
Wands
 k - a wand of quicksilver (5)
 G - a wand of mindburst (19)
 P - a wand of flame (20)
 Q - a wand of roots (6)
Scrolls
 h - a scroll of noise
 i - 5 scrolls of teleportation
 m - 4 scrolls of amnesia
 o - 2 scrolls of fear
 v - 7 scrolls of identify
 y - a scroll of vulnerability
 H - a scroll of brand weapon
 L - 5 scrolls of poison
 O - 2 scrolls of blinking
Potions
 j - a potion of might
 l - 2 potions of ambrosia
 n - 4 potions of curing
 p - 4 potions of attraction
 r - a potion of cancellation
 s - a potion of mutation
 u - 2 potions of flight
 x - 3 potions of brilliance
 z - 2 potions of invisibility
 A - 2 potions of haste
 B - a potion of berserk rage
 C - 2 potions of resistance
 D - a potion of lignification


   Skills:
 + Level 10.3 Fighting
 + Level 11.1 Polearms
 - Level 2.5 Throwing
 - Level 5.0 Armour
 - Level 5.0 Dodging
 + Level 6.0 Invocations
 - Level 5.0 Evocations


You had 10 spell levels left.
You didn't know any spells.
Your spell library contained the following spells:

 Spells                   Type           Power      Damage    Failure   Level
 Sandblast                Erth           0%         2d4       38%         1
 Passwall                 Tmut/Erth      0%         N/A       52%         2
 Sublimation of Blood     Necr           0%         N/A       52%         2
 Inner Flame              Hex/Fire       0%         N/A       77%         3
 Ozocubu's Armour         Ice            0%         N/A       77%         3
 Portal Projectile        Hex/Tloc       0%         N/A       77%         3
 Stone Arrow              Conj/Erth      0%         3d7       77%         3
 Tukima's Dance           Hex            0%         N/A       77%         3
 Cause Fear               Hex            0%         N/A       99%         4
 Petrify                  Tmut/Erth      0%         N/A       99%         4
 Blade Hands              Tmut           0%         N/A       100%        5
 Irradiate                Conj/Tmut      0%         3d11      100%        5
 Ozocubu's Refrigeration  Ice            0%         4d7       100%        7
 Discord                  Hex            0%         N/A       100%        8


Dungeon Overview and Level Annotations

Branches:
Dungeon (10/15)            Temple (1/1) D:5            Lair (0/5) D:9
    Orc (0/2) D:9         Ossuary (visited)          Bailey (visited)

Altars:
Ashenzari
Cheibriados
Dithmenos
Fedhas
Gozag
Hepliaklqana
Kikubaaqudgha
Makhleb
Nemelex Xobeh
Okawaru
Qazlal
Ru
Sif Muna
Trog
Uskayaw
Vehumet
Wu Jian
Xom
Yredelemnul

Shops:
D:1 ?([((   D:6 !

Annotations:
D:10 Erolcha


Innate Abilities, Weirdness & Mutations

You are partially covered in icy blue scales. (AC +2)
A weak demonic guardian rushes to your aid.
Spells you cast may paralyse nearby enemies.
You have a tail ending in a sharp stinger.


Message History

The large abomination hits you but does no damage.
You hit the large abomination.
You tail-slap the large abomination, but do no damage.
The large abomination is moderately damaged.
You puncture the large abomination!
The large abomination is heavily damaged.
The large abomination hits you!!
The large abomination barely misses you.
You puncture the large abomination!
The large abomination is severely damaged.
The large abomination hits you!
The large abomination barely misses you.
You hit the large abomination.
The large abomination is almost destroyed.
The large abomination hits you. The large abomination hits you!!
* * * LOW HITPOINT WARNING * * *
A demonic guardian appears!
You are too injured to fight recklessly!
You are too injured to fight recklessly!
You are too injured to fight recklessly!
Unknown command.
You are too injured to fight recklessly!
You are too injured to fight recklessly!
You hit the large abomination.
You tail-slap the large abomination, but do no damage.
The large abomination is almost destroyed.
The large abomination hits you!
* * * LOW HITPOINT WARNING * * *
The large abomination barely misses you.
You hit the large abomination but do no damage.
You tail-slap the large abomination, but do no damage.
The large abomination is almost destroyed.
You hit the large abomination.
You destroy the large abomination!
The large abomination hits you.
* * * LOW HITPOINT WARNING * * *
Your Invocations skill increases to level 6!
The large abomination hits you!
You die...
Your body rises from the dead as a mindless zombie.

. #.. ##.. #..#
###... #..# .
#..###
#...#####....###
#....@.5.....#
...##.#X##..#.##
#.#.#. ...#.#
#.#....... ..#.#
#..#.#....##.#.#
..#.....#.....#..
.## ...#..#..# #
..## #....# #
....# ##


You could see a large abomination (ally target) and a friendly shadow imp
(summoned).

Vanquished Creatures
  A two-headed ogre (D:8)
  2 large abominations (Abyss:2)
  Maurice (D:8)
  Maggie (D:8)
  A komodo dragon (D:9)
  2 hornets
  A vampire (D:9)
  7 yaks
  A wraith (D:9)
  2 wyverns
  2 water moccasins (D:8)
  2 ice beasts
  3 orc warriors
  2 sky beasts
  A black bear (D:6)
  6 wolves (Bailey)
  4 kobold brigands
  3 phantoms
  4 necrophages
  3 bullfrogs
  3 gnoll sergeants (Bailey)
  3 elf skeletons (D:5)
  A scorpion (D:6)
  8 wights
  8 killer bees
  2 howler monkeys
  2 bullfrog zombies (D:6)
  5 orc priests
  8 hounds
  2 human skeletons (D:5)
  2 human zombies (Ossuary)
  4 gnoll boudas (Bailey)
  4 iguanas
  10 orc wizards
  6 mummies
  A howler monkey zombie (D:6)
  16 gnolls
  7 adders
  2 shadow imps
  A white imp (D:8)
  An ufetubus (D:6)
  An adder zombie (Ossuary)
  4 dart slugs
  50 orcs
  8 ball pythons
  4 endoplasms
  A giant cockroach (D:2)
  A gnoll zombie (Ossuary)
  6 goblins
  5 hobgoblins
  A quokka (D:1)
  5 bats
  3 frilled lizards
  A goblin zombie (Ossuary)
  5 hobgoblin zombies
  20 kobolds
  3 kobold zombies
  2 orc zombies
  6 rats
  3 rat zombies (Ossuary)
274 creatures vanquished.

Vanquished Creatures (collateral kills)
  A two-headed ogre (D:9)
  Joseph (D:8)
  A wyvern (D:8)
  An ice beast (D:6)
  3 wolves (Bailey)
  A bullfrog (D:7)
  4 gnoll sergeants (Bailey)
  A wight (D:8)
  2 killer bees
  Crazy Yiuf (D:7)
  3 gnoll boudas (Bailey)
  A human zombie (D:6)
  An orc wizard (D:6)
  An iguana (D:6)
  7 gnolls
  An adder (D:6)
  2 white imps
  2 goblins (D:10)
  A goblin zombie (D:7)
  A hobgoblin zombie (D:7)
  4 kobolds
  An orc skeleton (D:7)
  2 orc zombies (D:7)
43 creatures vanquished.

Vanquished Creatures (others)
  A two-headed ogre (D:8)
  A kobold brigand (D:8)
  A water moccasin zombie (D:8)
  A yak zombie (D:7)
  A wolf zombie (Bailey)
  3 bullfrog zombies
  5 hound zombies
  A howler monkey zombie (D:6)
  An adder zombie (D:6)
  An iguana zombie (D:5)
  A spectral white imp (D:8)
  12 gnoll zombies
  9 kobold zombies
  17 orc zombies
  A spectral ufetubus (D:6)
  31 plants (D:9)
87 creatures vanquished.

Grand Total: 404 creatures vanquished

Notes
Turn   | Place    | Note
-------+----------+-------------------------------------------
     0 | D:1      | porpoise the Demonspawn Gladiator began the quest for the
                  | Orb.
     0 | D:1      | Reached XP level 1. HP: 16/16 MP: 1/1
     2 | D:1      | Found Gutimaun's Magic Scroll Emporium.
   218 | D:1      | Found Xono's Weapon Emporium.
   312 | D:1      | Gained mutation: You have a small tail. [demonic ancestry]
   312 | D:1      | Reached XP level 2. HP: 16/22 MP: 2/2
   479 | D:1      | Found Qabludill's Weapon Emporium.
   515 | D:1      | Found Acyeha's Armour Boutique.
   624 | D:1      | Found Zefohig's Weapon Boutique.
   994 | D:1      | Reached skill level 3 in Polearms
  1292 | D:1      | Gained mutation: You are partially covered in icy blue
                  | scales. (AC +2) [demonic ancestry]
  1292 | D:1      | Reached XP level 3. HP: 12/28 MP: 3/3
  1626 | D:2      | Found a faded altar of an unknown god.
  1748 | D:2      | Reached XP level 4. HP: 34/34 MP: 4/4
  2816 | D:4      | Noticed a necrophage
  2828 | D:3      | Killed a necrophage
  2829 | D:3      | Gained mutation: Spells you cast may paralyse adjacent
                  | enemies. [demonic ancestry]
  2829 | D:3      | Reached XP level 5. HP: 40/41 MP: 5/5
  3048 | D:4      | Reached skill level 4 in Polearms
  3617 | D:4      | Found an ornate altar of the Wu Jian Council.
  3708 | D:4      | Noticed a phantom
  3727 | D:4      | Killed a phantom
  3728 | D:4      | Gained mutation: Spells you cast may paralyse nearby
                  | enemies. [demonic ancestry]
  3728 | D:4      | Reached XP level 6. HP: 36/49 MP: 6/6
  3902 | D:5      | Entered Level 5 of the Dungeon
  4510 | D:5      | Reached skill level 5 in Fighting
  4510 | D:5      | Reached skill level 5 in Polearms
  4516 | D:5      | Found a sand-covered staircase.
  4533 | D:5      | Gained mutation: A weak demonic guardian rushes to your
                  | aid. [demonic ancestry]
  4533 | D:5      | Reached XP level 7. HP: 40/56 MP: 7/7
  4536 | Ossuary  | Entered an ossuary
  5225 | D:5      | Found a staircase to the Ecumenical Temple.
  5232 | Temple   | Entered the Ecumenical Temple
  5350 | Temple   | Became a worshipper of Yredelemnul the Dark
  5568 | D:5      | Found a hazy altar of Hepliaklqana.
  5583 | D:5      | Reached skill level 6 in Polearms
  5997 | D:5      | Reached XP level 8. HP: 63/65 MP: 8/8
  6501 | D:6      | Found Xoaqu's Distillery.
  6517 | D:6      | Reached skill level 1 in Invocations
  6610 | D:6      | Bought a potion of heal wounds for 70 gold pieces
  6610 | D:6      | Bought a potion of haste for 140 gold pieces
  6610 | D:6      | Bought a potion of heal wounds for 70 gold pieces
  6610 | D:6      | Bought a potion of curing for 42 gold pieces
  6610 | D:6      | Bought a potion of curing for 42 gold pieces
  6739 | D:6      | Reached * piety under Yredelemnul
  6775 | D:6      | Reached skill level 7 in Polearms
  6892 | D:6      | Reached skill level 1 in Armour
  6900 | D:6      | Reached ** piety under Yredelemnul
  7434 | D:6      | Reached skill level 5 in Invocations
  7434 | D:6      | Reached *** piety under Yredelemnul
  7511 | D:6      | Reached **** piety under Yredelemnul
  7592 | D:6      | Gained mutation: You have a tail ending in a sharp stinger.
                  | [demonic ancestry]
  7592 | D:6      | Reached XP level 9. HP: 56/72 MP: 12/12
  7804 | D:6      | Reached skill level 8 in Polearms
  7808 | D:6      | Found an ancient bone altar of Kikubaaqudgha.
  8636 | D:7      | Found a runed translucent door.
  8637 | D:7      | Noticed Crazy Yiuf
  8702 | D:7      | Reached skill level 5 in Armour
  9032 | D:7      | Reached skill level 9 in Polearms
  9189 | D:7      | Found a hide-covered altar of Uskayaw.
  9457 | D:7      | Killed Crazy Yiuf
  9522 | D:8      | Identified the +9 trident "Duanel" {protect, MP+9 Str-5
                  | Dex+5 SInv}
  9598 | D:8      | Noticed Maggie
  9610 | D:8      | Killed Maggie
  9611 | D:8      | Reached XP level 10. HP: 70/79 MP: 13/13
  9750 | D:8      | Found a shimmering altar of Xom.
  9750 | D:8      | Noticed a two-headed ogre
  9751 | D:8      | Noticed a two-headed ogre
  9765 | D:8      | Killed a two-headed ogre
  9800 | D:8      | Upgraded the game from 0.29.1-debian-1-gc3f1650bb9 to
                  | 0.30-a0-116-g3b1a8e4ee4
  9820 | D:8      | Killed a two-headed ogre
  9821 | D:8      | Reached skill level 5 in Dodging
 10005 | D:8      | Noticed Maurice
 10014 | D:8      | Killed Maurice
 10015 | D:8      | Reached skill level 1 in Evocations
 10136 | D:8      | Noticed Joseph
 10151 | D:8      | Killed Joseph
 10152 | D:8      | Reached skill level 10 in Polearms
 10573 | D:8      | You fall into a shaft and drop 1 floor!
 11675 | D:9      | Found a staircase to the Lair.
 11853 | D:9      | Found a staircase to the Orcish Mines.
 11915 | D:9      | Reached XP level 11. HP: 83/89 MP: 14/14
 11946 | D:9      | Noticed a two-headed ogre
 11955 | D:9      | Killed a two-headed ogre
 12249 | D:10     | Entered Level 10 of the Dungeon
 12249 | D:10     | Found a flagged portal.
 12290 | Bailey   | Entered a bailey
 12549 | Bailey   | Reached ***** piety under Yredelemnul
 12984 | D:10     | Paralysed by a hornet for 3 turns
 12993 | D:10     | Reached skill level 10 in Fighting
 12993 | D:10     | Reached skill level 5 in Evocations
 13235 | D:10     | Found a stormy altar of Qazlal.
 13326 | D:10     | Noticed Erolcha
 13346 | Abyss:2  | Cast into level 2 of the Abyss (Erolcha)
 13360 | Abyss:2  | Noticed a large abomination
 13371 | Abyss:2  | Killed a large abomination
 13372 | Abyss:2  | Reached skill level 11 in Polearms
 13444 | Abyss:2  | Noticed a rakshasa
 13447 | Abyss:2  | Noticed a large abomination
 13461 | Abyss:2  | Killed a large abomination
 13462 | Abyss:2  | Slain by a large abomination (illusionary)

Illustrated notes

Levels and vault maps discovered:
D:1:      minmay_arrival_semitransparent, layout_basic, serial_shops,
          nicolae_shop_window_shopping, shop, nicolae_shop_bloodbath_and_beyond,
          nicolae_shop_advertising_works [nicolae_subvault_shop_adworks],
          shop_fountains, chequers_big_river
D:2:      layout_loops_cross, dreamdust_ecumenical_altar_angels_and_demons
D:3:      layout_basic
D:4:      layout_basic, mainiacjoe_overflow_24_doors
D:5:      layout_loops_cross, nicolae_overflow_crystal_walls,
          minmay_temple_entry_wispy, nicolae_ossuary_entry_catacombs
D:6:      layout_gridville, lemuel_mausoleum_altar_kikubaaqudgha, serial_shops,
          shop_statue, minmay_puff
D:7:      layout_rooms, amcnicky_altar_gilded, nicolae_tso_besieged_by_evil,
          uniq_crazy_yiuf_cottage
D:8:      layout_rooms, xom_confusion_cloud, uniq_joseph, uniq_maggie,
          uniq_maurice
D:9:      layout_cave_pods, elyvilon_altar_5, david_lair_shrubbed,
          hiddenorc1_lemuel
D:10:     minmay_angry_zag, layout_basic, nicolae_qazlal_scattered_showers,
          enter_bailey_5, uniq_grum, uniq_harold, uniq_erolcha
Temple:   nicolae_temple_two_arcs
Abyss:2:  base: D:9, evilmike_abyss_exit_6

Skill      XL: |  1  2  3  4  5  6  7  8  9 10 11 |
---------------+----------------------------------+-----
Throwing       | 2 |  2.5
Polearms       | 3 4 5 6 7 9 10 11 | 11.1
Dodging        | 3 4 5 |  5.0
Fighting       | 3 4 5 6 7 9 10 | 10.3
Invocations    | 5 6 |  6.0
Armour         | 2 5 |  5.0
Evocations     | 3 5 |  5.0

Action                   |  1- 3 |  4- 6 |  7- 9 | 10-12 || total
-------------------------+-------+-------+-------+-------++-------
Melee: Trident           |    88 |   229 |   584 |   357 ||  1258
       Tailslap          |     5 |    32 |    77 |    49 ||   163
       Punch             |     1 |     2 |    12 |     2 ||    17
Throw: Throwing net      |       |       |     3 |       ||     3
       Dart              |       |       |     3 |     9 ||    12
Invok: Dark Bargain      |       |       |       |     4 ||     4
       Recall Undead Har |       |       |       |     1 ||     1
Evoke: Wand              |       |       |       |     3 ||     3
  Use: Scroll            |       |    17 |     9 |     1 ||    27
       Potion            |       |       |     9 |     1 ||    10
 Stab: Sleeping          |     1 |       |       |     1 ||     2
       Invisible         |       |       |     9 |       ||     9
       Distracted        |       |       |     3 |     5 ||     8
       Confused          |       |       |       |     1 ||     1
Armor: Leather armour    |    24 |       |       |       ||    24
       Ring mail         |     4 |    86 |   194 |       ||   284
       Skin              |       |       |    47 |       ||    47
       Steam dragon scal |       |       |       |   174 ||   174
Dodge: Dodged            |    50 |   106 |   305 |   279 ||   740

Table legend: (Time is in decaauts)
 A = Elapsed time spent in this place.
 B = Non-inter-level travel time spent in this place.
 C = Inter-level travel time spent in this place.
 D = Time resting spent in this place.
 E = Time spent auto-exploring this place.
 F = Levels seen in this place.
 G = Mean time per level.
                   A        B        C        D        E       F      G
               +--------+--------+--------+--------+--------+-----+--------+
         Total |  13766 |  13504 |    262 |   4037 |   6624 |  14 |  983.3 |
       Dungeon |  12314 |  12060 |    254 |   3683 |   6128 |  10 | 1231.4 |
        Temple |    126 |    118 |      8 |      0 |    104 |   1 |  126.0 |
         Abyss |    110 |    110 |      0 |      0 |     10 |   1 |  110.0 |
       Ossuary |    535 |    535 |      0 |    222 |    159 |   1 |  535.0 |
        Bailey |    679 |    679 |      0 |    132 |    223 |   1 |  679.0 |
               +--------+--------+--------+--------+--------+-----+--------+

Top non-repeatable levels by time:
     D:4: 1740 daAuts
     D:7: 1620 daAuts
     D:9: 1598 daAuts
     D:6: 1426 daAuts
     D:1: 1422 daAuts
     D:8: 1351 daAuts
     D:5: 1286 daAuts
     D:2: 744 daAuts
     D:3: 702 daAuts
  Bailey: 679 daAuts
 Ossuary: 535 daAuts
    D:10: 420 daAuts
  Temple: 126 daAuts
 Abyss:2: 110 daAuts
